 Dungeon Crawl Stone Soup version 0.25.1-2-g60ff931df9 (webtiles) character file.

Game seed: 2316195409672596108

1171 goulibeur the Fighter (level 8, -2/111 HPs)
             Began as a White Draconian Berserker on Oct 21, 2020.
             Was a Priest of Trog.
             Slain by an iguana (9 damage)
             ... on level 5 of the Dungeon on Oct 22, 2020.
             The game lasted 00:59:06 (5637 turns).

goulibeur the Fighter (White Draconian Berserker)   Turns: 5637, Time: 00:59:07

Health: -2/111     AC:  6    Str: 22    XL:     8   Next: 18%
Magic:  8/8        EV: 14    Int:  7    God:    Trog [***...]
Gold:   251        SH:  0    Dex: 11    Spells: 7/7 levels left

rFire    . . .     SeeInvis +   a - +1 short sword
rCold    + . .     Gourm    .   (no shield)
rNeg     . . .     Faith    .   (armour unavailable)
rPois    .         Spirit   .   (helmet restricted)
rElec    .         Reflect  .   (no cloak)
rCorr    .         Harm     .   (no gloves)
MR       .....                  (no boots)
Stlth    ..........             (no amulet)
HPRegen  0.28/turn              j - ring of see invisible
MPRegen  0.11/turn              (no ring)

@: berserking, very quick
A: breathe frost, unfitting armour, cold resistance 1, cold-blooded, AC +6
a: Breathe Frost, Berserk, Trog's Hand, Renounce Religion


You were on level 5 of the Dungeon.
You worshipped Trog.
Trog was most pleased with you.
You were hungry.

You visited 1 branch of the dungeon, and saw 6 of its levels.

You collected 251 gold pieces.

Inventory:

Hand Weapons
 a - a +1 short sword (weapon)
Missiles
 n - 26 bolts
 o - 8 poisoned darts (quivered)
 x - 5 javelins
Jewellery
 c - a +6 ring of intelligence
 j - a ring of see invisible (left hand)
 w - a +4 ring of evasion
Wands
 e - a wand of flame (17)
Scrolls
 d - a scroll of amnesia {unknown}
 f - a scroll of teleportation {unknown}
 g - a scroll of fog
 h - a scroll of remove curse {unknown}
 i - a scroll of immolation {unknown}
 l - 2 scrolls of enchant weapon
 m - a scroll of fear {unknown}
 q - a scroll of magic mapping {unknown}
 t - 3 scrolls of identify
 u - a scroll of blinking {unknown}
 y - a scroll of torment {unknown}
Potions
 p - a potion of might {unknown}
 r - a potion of lignification {unknown}
 s - 3 potions of degeneration {unknown}
 v - a potion of resistance {unknown}
 A - a potion of magic {unknown}
Comestibles
 b - 2 rations
 z - 4 chunks of flesh


   Skills:
 * Level 8.3 Fighting
 + Level 5.7 Short Blades
 + Level 5.1 Dodging


You had 7 spell levels left.
You didn't know any spells.
Your spell library was empty.

Dungeon Overview and Level Annotations

Branches:
Dungeon (6/15)
 Temple: D:4-7

Altars:

Shops:
D:4 [

Annotations:
D:5 Menkaure


Innate Abilities, Weirdness & Mutations

You can breathe waves of freezing cold.
You can buffet flying creatures when you breathe cold.
Your icy white scales are hard. (AC +6)
You cannot fit into any form of body armour.
Your flesh is cold resistant. (rC+)
You are cold-blooded and may be slowed by cold attacks.


Message History

You see here an arrow.
There is a stone staircase leading up here.
You climb upwards.
Level annotation: Menkaure An iguana and a howler monkey come into view.
The iguana hisses angrily.
Found a ring mail.
There is a stone staircase leading down here.
Okay, then.
The howler monkey howls!
You open the door.
The howler monkey hoots and howls with incredible vigour!
The iguana misses you.
The howler monkey hoots and howls with incredible vigour!
There is an open door here.
A red film seems to cover your vision as you go berserk!
You feel yourself moving faster!
You feel mighty!
You are feeling hungry.
The iguana bites you!
You die...

##### ##########
#.... .........#
#.... .......h.#
#.... [........#
######## .........#
#....
.........#########
....###
.......>.l@.......
.......
.........#########
####.. .........# #..
.........# ####..
#######.## #...## #.#
########.###>
#.#######........##..
..##.............##.♣
#...........).##..


You could see an iguana.

Vanquished Creatures
  Grinder (D:5)
  Eustachio (D:5)
  2 ogres (D:4)
  2 scorpions
  A howler monkey (D:5)
  A crimson imp (D:5)
  2 hounds
  A jelly (D:5)
  Terence (D:2)
  2 iguanas
  2 orc wizards
  6 worker ants
  A hound skeleton (D:5)
  5 adders
  An ooze (D:1)
  An adder skeleton (D:6)
  3 worms
  A dart slug (D:1)
  3 leopard geckos
  6 orcs
  3 giant cockroaches
  5 goblins
  5 hobgoblins
  2 jackals (D:4)
  A quokka (D:3)
  7 bats
  3 frilled lizards
  A kobold (D:1)
  A leopard gecko zombie (D:5)
  8 rats
79 creatures vanquished.

Notes
Turn   | Place    | Note
-------+----------+-------------------------------------------
     0 | D:1      | goulibeur the Draconian Berserker began the quest for the
                  | Orb.
     0 | D:1      | Reached XP level 1. HP: 19/19 MP: 1/1
   548 | D:1      | Reached XP level 2. HP: 17/26 MP: 2/2
  1053 | D:1      | Reached skill level 4 in Fighting
  1328 | D:2      | Noticed Terence
  1440 | D:2      | Reached XP level 3. HP: 21/33 MP: 3/3
  1612 | D:2      | Reached ** piety under Trog
  1659 | D:2      | Killed Terence
  2030 | D:3      | Reached XP level 4. HP: 41/41 MP: 4/4
  3267 | D:4      | Reached skill level 5 in Fighting
  3267 | D:4      | Reached XP level 5. HP: 48/48 MP: 5/5
  3622 | D:4      | Noticed an ogre
  3638 | D:4      | Killed an ogre
  3638 | D:4      | Reached XP level 6. HP: 57/57 MP: 6/6
  3953 | D:4      | Reached skill level 6 in Fighting
  4000 | D:4      | Found Icoel's Antique Armour Boutique.
  4510 | D:5      | Entered Level 5 of the Dungeon
  4534 | D:5      | Your scales start taking on an icy white colour.
  4534 | D:5      | Reached XP level 7. HP: 64/64 MP: 7/7
  4534 | D:5      | Gained mutation: Your flesh is cold resistant. (rC+) [White
                  | Draconian growth]
  4724 | D:5      | Reached *** piety under Trog
  4762 | D:5      | Reached skill level 7 in Fighting
  4936 | D:5      | Noticed Eustachio
  4940 | D:5      | Reached skill level 5 in Short Blades
  4949 | D:5      | Killed Eustachio
  5228 | D:5      | Noticed Grinder
  5252 | D:5      | Killed Grinder
  5252 | D:5      | Reached skill level 8 in Fighting
  5252 | D:5      | Reached skill level 5 in Dodging
  5252 | D:5      | Reached XP level 8. HP: 74/74 MP: 8/8
  5296 | D:5      | Noticed Menkaure
  5625 | D:6      | HP: 2/74 [centaur/arrow (8)]
  5637 | D:5      | Slain by an iguana

Illustrated notes

Levels and vault maps discovered:
D:1:      nicolae_arrival_memento_mori, layout_loops_corners
D:2:      layout_basic, uniq_terence
D:3:      layout_loops_ring
D:4:      layout_basic, serial_shops, shop, minivault_19
D:5:      layout_basic, kennysheep_little_box, first_ration, grunt_ministairs_5,
          uniq_eustachio, uniq_menkaure, uniq_grinder
D:6:      layout_rooms, marbit_many_paths, minmay_temple_entry_slanted,
          lexackson_kobold_supper

Skill      XL: |  1  2  3  4  5  6  7 |
---------------+----------------------+-----
Fighting       | 4 5 6 8 |  8.3
Dodging        | 3 4 5 |  5.1
Short Blades   | 4 5 |  5.7

Action                   |  1- 3 |  4- 6 |  7- 9 || total
-------------------------+-------+-------+-------++-------
Melee: Short sword       |   120 |   122 |   123 ||   365
       Tailslap          |    15 |    17 |    16 ||    48
Throw: Dart              |       |       |     4 ||     4
Invok: Berserk           |     4 |     9 |     5 ||    18
  Use: Scroll            |       |     7 |       ||     7
       Potion            |       |       |     1 ||     1
  Eat: Chunk             |     6 |    12 |     3 ||    21
       Ration            |       |     2 |     1 ||     3
Armor: Skin              |    46 |    30 |    12 ||    88
Dodge: Dodged            |    79 |    68 |    68 ||   215
